 Dungeon Crawl Stone Soup version 0.31-a0-716-gc7603755dd (webtiles) character file.

Game seed: 6379969284706700479

160 Essalna the Conjurer (level 5, -1/35 HPs)
             Began as a Demonspawn Conjurer on Sept 10, 2023.
             Slain by a goblin
             ... wielding a +0 club
              (2 damage)
             ... on level 3 of the Dungeon.
             The game lasted 00:04:40 (1942 turns).

Essalna the Conjurer (Demonspawn Conjurer)          Turns: 1942, Time: 00:04:41

Health: -1/35      AC:  4    Str:  7    XL:     5   Next: 17%
Magic:  10/10      EV: 12    Int: 21    God:
Gold:   64         SH:  9    Dex: 12    Spells: 8/11 levels left

rFire   . . .        d - +0 club
rCold   . . .        (no shield)
rNeg    . . .        a - +0 robe
rPois   .            (no helmet)
rElec   .            (no cloak)
rCorr   .            (no gloves)
SInv    .            (no boots)
Will    .....        e - amulet of reflection
Stlth   ++           (no ring)
HPRegen 0.25/turn    (no ring)
MPRegen 0.12/turn

%: reflection
@: no status effects
A: claws 1, slimy green scales 1, condensation shield
a: no special abilities


You were on level 3 of the Dungeon.
You visited 1 branch of the dungeon, and saw 3 of its levels.

You collected 64 gold pieces.

Inventory:

Hand Weapons
 d - a +0 club (weapon)
Armour
 a - a +0 robe (worn)
Jewellery
 e - an amulet of reflection (around neck)
Scrolls
 c - a scroll of poison {unknown}
 h - a scroll of vulnerability {unknown}
 i - a scroll of silence {unknown}
Potions
 b - a potion of magic
 f - a potion of enlightenment {unknown}
 g - a potion of heal wounds {unknown}
 j - 2 potions of haste {unknown}


   Skills:
 - Level 1.7 Dodging
 - Level 1.7 Stealth
 + Level 3.8 Spellcasting
 + Level 5.4 Conjurations


You had 8 spell levels left.
You knew the following spells:

 Your Spells              Type           Power      Damage    Failure   Level
a - Magic Dart            Conj           100%       1d8       1%          1
b - Searing Ray           Conj           52%        2d6       1%          2

Your spell library contained the following spells:

 Spells                   Type           Power      Damage    Failure   Level
 Dazzling Flash           Conj/Hex       30%        N/A       12%         3
 Fulminant Prism          Conj/Hex       7%         3d7       38%         4
 Iskenderun's Mystic Bla  Conj/Tloc      15%        2d5       38%         4


Dungeon Overview and Level Annotations

Branches:
Dungeon (3/15)

Altars:
Qazlal

Portals:
Sewer: D:3


Innate Abilities, Weirdness & Mutations

You have sharp fingernails.
You are partially covered in slimy green scales. (AC +2)
A meltable shield of frost defends you. (SH +4)


Message History

The adder closely misses you. The goblin closely misses you.
The adder closely misses you. The adder barely misses you.
You block the goblin's attack. You block the adder's attack.
The goblin hits you with a +0 club. The adder closely misses you.
The goblin completely misses you. The adder completely misses you.
You block the goblin's attack. The adder bites you.
You are poisoned.
The adder poisons you!
You feel sick. The adder misses you. You block the goblin's attack.
You feel sick. You block the adder's attack. You block the goblin's attack.
You feel sick. The adder closely misses you.
The goblin hits you but does no damage.
You feel sick. The adder barely misses you. The adder bites you.
You are more poisoned.
The adder poisons you! The goblin hits you with a +0 club.
You feel sick. The adder completely misses you. You block the goblin's attack.
You feel sick.
The goblin shouts!
The adder bites you but does no damage. You block the goblin's attack.
You feel sick. The adder barely misses you. The adder bites you.
* * * LOW HITPOINT WARNING * * *
The goblin hits you with a +0 club.
* * * LOW HITPOINT WARNING * * *
You feel sick. The adder misses you. The goblin hits you with a +0 club.
* * * LOW HITPOINT WARNING * * *
You feel sick.
You are no longer poisoned.
The adder bites you but does no damage. The goblin hits you with a +0 club.
* * * LOW HITPOINT WARNING * * *
The goblin misses you. The adder bites you but does no damage.
The goblin misses you. x2
You block the adder's attack. The adder closely misses you.
The goblin barely misses you. The goblin completely misses you.
The adder closely misses you. You block the goblin's attack.
The goblin hits you with a +0 club.
* * * LOW HITPOINT WARNING * * *
You block the adder's attack. The goblin hits you with a +0 club.
You die...

. #.. ####### ###....
....#.. ....... ....#.#
###S$.# ....#.# #.@g#
....#.#########g###
....'...........#
....#.##>..............
.(..#.##..#.###...#.#.#
....#.##..#.# .........
....#.##....#.#.#.#.#.#
.
....#.#.........#......
.
#####.#.#.#.#...#.#.#.#
..


You could see an adder and 2 goblins.

Vanquished Creatures
  Natasha (twice) (D:2)
  An orc wizard (D:2)
  3 adders
  A river rat (D:3)
  An adder skeleton (D:2)
  A worm (D:3)
  A dart slug (D:3)
  7 ball pythons
  5 bats
  2 bat zombies (D:2)
  4 endoplasms
  3 giant cockroaches
  3 goblins (D:1)
  A hobgoblin (D:1)
  6 kobolds
  A quokka (D:1)
  2 rats
44 creatures vanquished.

Notes
Turn   | Place    | Note
-------+----------+-------------------------------------------
     0 | D:1      | Essalna the Demonspawn Conjurer began the quest for the
                  | Orb.
     0 | D:1      | Reached XP level 1. HP: 13/13 MP: 3/3
   126 | D:2      | Found a stormy altar of Qazlal.
   169 | D:2      | Gained mutation: A meltable shield of frost defends you.
                  | (SH +4) [demonic ancestry]
   169 | D:2      | Reached XP level 2. HP: 13/19 MP: 0/5
   904 | D:2      | Noticed Natasha
   956 | D:1      | Learned a level 2 spell: Searing Ray
   966 | D:2      | Killed Natasha
   967 | D:2      | Reached XP level 3. HP: 15/24 MP: 0/7
  1228 | D:2      | Noticed Natasha
  1234 | D:2      | Killed Natasha
  1235 | D:2      | Reached skill level 5 in Conjurations
  1235 | D:2      | Gained mutation: You are partially covered in slimy green
                  | scales. (AC +2) [demonic ancestry]
  1235 | D:2      | Reached XP level 4. HP: 30/30 MP: 0/8
  1618 | D:3      | Found a glowing drain.
  1677 | D:2      | Gained mutation: You have sharp fingernails. [demonic
                  | ancestry]
  1677 | D:2      | Reached XP level 5. HP: 19/35 MP: 2/10
  1941 | D:3      | HP: 1/35 [goblin/+0 club (4)]
  1942 | D:3      | Slain by a goblin

Illustrated notes

Levels and vault maps discovered:
D:1:      lemuel_arrival_lava_pool, layout_rooms, chequers_serial_rivers_large_b
D:2:      layout_basic, basic_altar, serial_undead, serial_undead_d,
          serial_undead_b, serial_undead_d, serial_undead_a, uniq_natasha
D:3:      layout_basic, zin_academy, portal_sewer_entry_a, serial_glass,
          glass_columns_b, glass_columns_c, glass_columns_b, glass_columns_b,
          glass_columns_a, glass_columns_a, glass_columns_b, glass_columns_a,
          uniq_terence

Skill      XL: |  1  2  3 |
---------------+----------+-----
Spellcasting   | 3 |  3.8
Conjurations   | 5 |  5.4
Dodging        | |  1.7
Stealth        | |  1.7

Action                     |  1- 3 |  4- 6 || total
---------------------------+-------+-------++-------
  Melee: Club              |    15 |     8 ||    23
   Cast: Magic Dart        |    54 |    26 ||    80
         Searing Ray       |     2 |     2 ||     4
 Armour: Robe              |    15 |    84 ||    99
  Dodge: Dodged            |    18 |   136 ||   154
  Block: Other             |     7 |   114 ||   121

Table legend: (Time is in decaauts)
 A = Elapsed time spent in this place.
 B = Non-inter-level travel time spent in this place.
 C = Inter-level travel time spent in this place.
 D = Time resting spent in this place.
 E = Time spent auto-exploring this place.
 F = Levels seen in this place.
 G = Mean time per level.
                   A        B        C        D        E       F      G
               +--------+--------+--------+--------+--------+-----+--------+
         Total |   1990 |   1921 |     69 |     38 |   1291 |   3 |  663.3 |
       Dungeon |   1990 |   1921 |     69 |     38 |   1291 |   3 |  663.3 |
               +--------+--------+--------+--------+--------+-----+--------+

Top non-repeatable levels by time:
     D:1: 871 daAuts
     D:2: 816 daAuts
     D:3: 301 daAuts
